FA
HAMILTON BEAVERS @ MILLCREEK KILLERS
08/24/2050
 
TOP OF THE 1ST
Lynnwood Lightning batting - Pitching for Frisco Rangers : RHP Jesús Rivero
Pitching: RHP Jesús Rivero
Batting: RHB Félix Pequena 0-0: Ball
1-0: Foul Ball, location: 2F
1-1: Foul Ball, location: 2F
1-2: Foul Ball, location: 2F
1-2: Ground out 6-3 (Groundball, 6, EV 105.6 MPH)
Batting: RHB Morten Daly 0-0: Foul Ball, location: 2F
0-1: Foul Ball, location: 2F
0-2: Ball
1-2: Ball
2-2: Foul Ball, location: 2F
2-2: Strikes out looking
Batting: RHB Álex Pastrana 0-0: Ground out 4-3 (Groundball, 34, EV 85.0 MPH)
Top of the 1st over - 0 runs, 0 hits, 0 errors, 0 left on base; Lynnwood 0 - Frisco 0
BOTTOM OF THE 1ST
Frisco Rangers batting - Pitching for Lynnwood Lightning : RHP Jim Broomfield
Pitching: RHP Jim Broomfield
Batting: RHB Mario Torres 0-0: Called Strike
0-1: Swinging Strike
0-2: Ball
1-2: Foul Ball, location: 2F
1-2: Strikes out swinging
Batting: RHB George McKnight 0-0: Called Strike
0-1: SINGLE (Groundball, 5D, EV 105.0 MPH)
Batting: LHB Scotty Frederick 0-0: Foul Ball, location: 2F
0-1: 2-RUN HOME RUN (Flyball, 89XD, EV 100.6 MPH), Distance : 411 ft
Batting: RHB Pedro Márquez 0-0: Ball
1-0: Called Strike
1-1: Fly out, F8 (Flyball, 89D, EV 100.0 MPH)
Batting: RHB Adrian Paul 0-0: Ball
1-0: Called Strike
1-1: Ball
2-1: Foul Ball, location: 2F
2-2: Ball
3-2: Base on Balls
Batting: RHB Andrew King 0-0: Called Strike
0-1: Foul Ball, location: 2F
0-2: Ball
Adrian Paul is caught stealing 2nd base 2-4
Bottom of the 1st over - 2 runs, 2 hits, 0 errors, 0 left on base; Lynnwood 0 - Frisco 2
TOP OF THE 2ND
Lynnwood Lightning batting - Pitching for Frisco Rangers : RHP Jesús Rivero
Batting: RHB Michael Williams 0-0: Called Strike
0-1: Fly out, F7 (Line Drive, 7, EV 98.8 MPH)
Batting: RHB Wendell Gentry 0-0: Swinging Strike
0-1: Foul Ball, location: 2F
0-2: Foul Ball, location: 2F
0-2: Fly out, F8 (Line Drive, 8RM, EV 106.9 MPH)
Batting: SHB Felipe Galván 0-0: Ball
1-0: Foul Ball, location: 2F
1-1: Ball
2-1: Ground out U3 (Groundball, 3L, EV 85.0 MPH)
Top of the 2nd over - 0 runs, 0 hits, 0 errors, 0 left on base; Lynnwood 0 - Frisco 2
BOTTOM OF THE 2ND
Frisco Rangers batting - Pitching for Lynnwood Lightning : RHP Jim Broomfield
Batting: RHB Andrew King 0-0: DOUBLE (Line Drive, 89D, EV 109.4 MPH)
Batting: RHB Carlino Maiello 0-0: Ball
1-0: Called Strike
1-1: Ball
2-1: Ball
3-1: SINGLE (Groundball, 6D, EV 101.9 MPH)
Andrew King to third
Batting: RHB Pedro Valdéz 0-0: Ball
1-0: SINGLE (Line Drive, 9LM, EV 95.6 MPH)
Andrew King scores
Carlino Maiello to second
Runner from 2nd tries for 3rd, SAFE, throw by RF made to third
Batting: RHB Jesús Rivero 0-0: Bunt missed!
0-1: Bunt missed!
0-2: Sac Bunt to P - play at first, batter OUT! 1-3
Pedro Valdéz to second
Batting: RHB Mario Torres 0-0: Ball
1-0: Called Strike
1-1: Swinging Strike
1-2: Ball
2-2: SINGLE (Line Drive, 4MD, EV 96.2 MPH)
Carlino Maiello scores
Pedro Valdéz to third
Batting: RHB George McKnight 0-0: Foul Ball, location: 2F
0-1: Swinging Strike
0-2: SINGLE (Groundball, 56D, EV 99.4 MPH)
Pedro Valdéz scores
Mario Torres to second
Pitching: RHP Ángel Quiñonez
Batting: LHB Scotty Frederick 0-0: Ball
1-0: Foul Ball, location: 2F
1-1: Ball
2-1: Foul Ball, location: 2F
2-2: Strikes out swinging
Batting: RHB Pedro Márquez 0-0: Ball
1-0: Ball
2-0: Swinging Strike
2-1: Swinging Strike
2-2: Foul Ball, location: 2F
2-2: 3-RUN HOME RUN (Flyball, 78XD, EV 113.8 MPH), Distance : 426 ft
Batting: RHB Adrian Paul 0-0: Called Strike
0-1: Foul Ball, location: 2F
0-2: Foul Ball, location: 2F
0-2: Ball
1-2: Foul Ball, location: 2F
1-2: Fly out, F8 (Flyball, 8LD, EV 82.5 MPH)
Bottom of the 2nd over - 6 runs, 6 hits, 0 errors, 0 left on base; Lynnwood 0 - Frisco 8
TOP OF THE 3RD
Lynnwood Lightning batting - Pitching for Frisco Rangers : RHP Jesús Rivero
Batting: RHB Miguel Angel Burgos 0-0: Called Strike
0-1: Ball
1-1: Swinging Strike
1-2: Strikes out looking
Batting: SHB Jon Gore 0-0: Ball
1-0: Called Strike
1-1: Ball
2-1: Swinging Strike
2-2: Strikes out swinging, 2-3 out at first.
Batting: RHB Ángel Quiñonez 0-0: Called Strike
0-1: Called Strike
0-2: Strikes out swinging
Top of the 3rd over - 0 runs, 0 hits, 0 errors, 0 left on base; Lynnwood 0 - Frisco 8
BOTTOM OF THE 3RD
Frisco Rangers batting - Pitching for Lynnwood Lightning : RHP Ángel Quiñonez
Batting: RHB Andrew King 0-0: Ball
1-0: Fly out, F4 (Popup, 4D, EV 58.8 MPH)
Batting: RHB Carlino Maiello 0-0: Ball
1-0: Ball
2-0: Ball
3-0: SOLO HOME RUN (Flyball, 7LD, EV 93.1 MPH), Distance : 338 ft
Batting: RHB Pedro Valdéz 0-0: Swinging Strike
0-1: Ball
1-1: Swinging Strike
1-2: Ball
2-2: Ball
3-2: Ground out 6-3 (Groundball, 6M, EV 93.1 MPH)
Batting: RHB Jesús Rivero 0-0: Ball
1-0: Foul Ball, location: 2F
1-1: Fly out, F7 (Flyball, 7, EV 83.1 MPH)
Bottom of the 3rd over - 1 run, 1 hit, 0 errors, 0 left on base; Lynnwood 0 - Frisco 9
TOP OF THE 4TH
Lynnwood Lightning batting - Pitching for Frisco Rangers : RHP Jesús Rivero
Batting: RHB Félix Pequena 0-0: Called Strike
0-1: Fly out, F9 (Flyball, 9S, EV 85.6 MPH)
Batting: RHB Morten Daly 0-0: Called Strike
0-1: Ball
1-1: Ground out 6-3 (Groundball, 4MS, EV 85.6 MPH)
Batting: RHB Álex Pastrana 0-0: Called Strike
0-1: DOUBLE (Line Drive, 89D, EV 108.8 MPH)
Batting: RHB Michael Williams 0-0: Ball
1-0: Foul Ball, location: 2F
1-1: SINGLE (Line Drive, 7LS, EV 106.9 MPH)
Álex Pastrana to third
Runner from 3rd tries for Home, SAFE, throw by LF to home
Batting: RHB Wendell Gentry 0-0: Ball
1-0: Ball
2-0: Called Strike
2-1: Foul Ball, location: 2F
2-2: Ball
3-2: Base on Balls
Michael Williams to second
Batting: SHB Felipe Galván 0-0: Swinging Strike
0-1: Ball
1-1: Swinging Strike
1-2: Foul Ball, location: 2F
1-2: Ball
2-2: Strikes out looking
Top of the 4th over - 1 run, 2 hits, 0 errors, 2 left on base; Lynnwood 1 - Frisco 9
BOTTOM OF THE 4TH
Frisco Rangers batting - Pitching for Lynnwood Lightning : RHP Ángel Quiñonez
Batting: RHB Mario Torres 0-0: Ball
1-0: Foul Ball, location: 2F
1-1: Called Strike
1-2: Ball
2-2: Foul Ball, location: 2F
2-2: Foul Ball, location: 2F
2-2: Foul Ball, location: 2F
2-2: Strikes out swinging
Batting: RHB George McKnight 0-0: Ball
1-0: Ground out 4-3 (Groundball, 4S, EV 70.0 MPH)
Batting: LHB Scotty Frederick 0-0: Ball
1-0: Ball
2-0: Ball
3-0: Base on Balls
Batting: RHB Pedro Márquez 0-0: Called Strike
0-1: Foul Ball, location: 2F
0-2: Foul Ball, location: 2F
0-2: Ball
1-2: Fly out, F8 (Flyball, 8RXD, EV 91.2 MPH)
Bottom of the 4th over - 0 runs, 0 hits, 0 errors, 1 left on base; Lynnwood 1 - Frisco 9
TOP OF THE 5TH
Lynnwood Lightning batting - Pitching for Frisco Rangers : RHP Jesús Rivero
Batting: RHB Miguel Angel Burgos 0-0: Called Strike
0-1: Ground out 6-3 (Groundball, P, EV 88.1 MPH)
Batting: SHB Jon Gore 0-0: Called Strike
0-1: Called Strike
0-2: Ball
1-2: Ball
2-2: Ball
3-2: Strikes out swinging
Batting: RHB Ángel Quiñonez 0-0: Ball
1-0: Ground out 1-3 (Groundball, 34S, EV 67.5 MPH)
Top of the 5th over - 0 runs, 0 hits, 0 errors, 0 left on base; Lynnwood 1 - Frisco 9
BOTTOM OF THE 5TH
Frisco Rangers batting - Pitching for Lynnwood Lightning : RHP Ángel Quiñonez
Batting: RHB Adrian Paul 0-0: Ball
1-0: Called Strike
1-1: Ball
2-1: Ball
3-1: Ground out 5-3 (Groundball, 56, EV 89.4 MPH)
Batting: RHB Andrew King 0-0: Ball
1-0: Ball
2-0: Called Strike
2-1: Ball
3-1: Base on Balls
Pitching: LHP Rubén Hernández
Batting: RHB Carlino Maiello 0-0: Called Strike
0-1: Ball
1-1: Ground out 5-3 (Groundball, 5S, EV 67.5 MPH)
Andrew King to second
Batting: RHB Pedro Valdéz 0-0: Swinging Strike
0-1: SINGLE (Groundball, 56D, EV 103.1 MPH)
Andrew King to third
Runner from 3rd tries for Home, SAFE, throw by LF to home
Batting: RHB Jesús Rivero 0-0: Ball
1-0: Swinging Strike
1-1: Foul Ball, location: 2F
1-2: Foul Ball, location: 2F
1-2: Ball
2-2: Strikes out swinging
Bottom of the 5th over - 1 run, 1 hit, 0 errors, 1 left on base; Lynnwood 1 - Frisco 10
TOP OF THE 6TH
Lynnwood Lightning batting - Pitching for Frisco Rangers : RHP Jesús Rivero
Batting: RHB Félix Pequena 0-0: SINGLE (Groundball, 56D, EV 96.9 MPH)
Batting: RHB Morten Daly 0-0: Ball
1-0: Foul Ball, location: 2F
1-1: Foul Ball, location: 2F
1-2: Foul Ball, location: 2F
1-2: Fly out, F9 (Line Drive, 9, EV 109.4 MPH)
Batting: RHB Álex Pastrana 0-0: Swinging Strike
0-1: Ball
1-1: Foul Ball, location: 2F
1-2: Strikes out looking
Batting: RHB Michael Williams 0-0: Called Strike
0-1: Ball
1-1: Ball
2-1: Fly out, F4 (Popup, 4M, EV 61.9 MPH)
Top of the 6th over - 0 runs, 1 hit, 0 errors, 1 left on base; Lynnwood 1 - Frisco 10
BOTTOM OF THE 6TH
Frisco Rangers batting - Pitching for Lynnwood Lightning : LHP Rubén Hernández
Batting: RHB Mario Torres 0-0: Ball
1-0: Foul Ball, location: 2F
1-1: Fly out, F4 (Line Drive, 4D, EV 74.4 MPH)
Batting: RHB George McKnight 0-0: Ball
1-0: Ball
2-0: Ball
3-0: Base on Balls
Batting: LHB Scotty Frederick 0-0: Ball
1-0: Foul Ball, location: 2F
1-1: Fly out, F7 (Flyball, 78M, EV 88.1 MPH)
Batting: RHB Pedro Márquez 0-0: Called Strike
0-1: Foul Ball, location: 2F
0-2: SINGLE (Groundball, 4MD, EV 98.1 MPH)
George McKnight to second
Runner from 2nd tries for 3rd, OUT! 8-5
Bottom of the 6th over - 0 runs, 1 hit, 0 errors, 1 left on base; Lynnwood 1 - Frisco 10
TOP OF THE 7TH
Lynnwood Lightning batting - Pitching for Frisco Rangers : RHP Jesús Rivero
Batting: RHB Wendell Gentry 0-0: Called Strike
0-1: SINGLE (Groundball, 6MD, EV 99.4 MPH)
Batting: SHB Felipe Galván 0-0: Called Strike
0-1: Ball
1-1: Ball
2-1: Swinging Strike
2-2: Foul Ball, location: 2F
2-2: Ball
3-2: Base on Balls
Wendell Gentry to second
Batting: RHB Miguel Angel Burgos 0-0: Ball
1-0: Ball
2-0: Ball
3-0: Called Strike
3-1: Called Strike
3-2: Fly out, F8 (Line Drive, 8RD, EV 103.1 MPH)
Batting: SHB Jon Gore 0-0: Ball
1-0: Ball
2-0: Called Strike
2-1: Foul Ball, location: 2F
2-2: Fly out, F8 (Line Drive, 8LS, EV 94.4 MPH)
Pinch Hitting: LHB Ken Kimura 0-0: Foul Ball, location: 2F
0-1: Ground out 1-3 (Groundball, 13, EV 75.0 MPH)
Top of the 7th over - 0 runs, 1 hit, 0 errors, 2 left on base; Lynnwood 1 - Frisco 10
BOTTOM OF THE 7TH
Frisco Rangers batting - Pitching for Lynnwood Lightning : LHP Rubén Hernández
Pitching: RHP Roberto Osario
Batting: RHB Adrian Paul 0-0: Ball
1-0: Foul Ball, location: 2F
1-1: Foul Ball, location: 2F
1-2: Ball
2-2: Ball
3-2: Fly out, F5 (Line Drive, 5L, EV 74.4 MPH)
Batting: RHB Andrew King 0-0: Called Strike
0-1: Foul Ball, location: 2F
0-2: Ball
1-2: Strikes out looking
Pinch Hitting: LHB Jamie Richardson 0-0: Ball
1-0: Ball
2-0: Called Strike
2-1: Foul Ball, location: 2F
2-2: Strikes out swinging
Bottom of the 7th over - 0 runs, 0 hits, 0 errors, 0 left on base; Lynnwood 1 - Frisco 10
TOP OF THE 8TH
Lynnwood Lightning batting - Pitching for Frisco Rangers : RHP Jesús Rivero
Now at 3B: Jamie Richardson
Batting: RHB Félix Pequena 0-0: Ball
1-0: Ball
2-0: Ball
3-0: Base on Balls
Batting: RHB Morten Daly 0-0: Called Strike
0-1: Ball
1-1: Swinging Strike
1-2: Ball
2-2: Ball
3-2: Fly out, F7 (Flyball, 7, EV 95.0 MPH)
Batting: RHB Álex Pastrana 0-0: Ball
1-0: Fly out, F7 (Flyball, 7S, EV 88.1 MPH)
Batting: RHB Michael Williams 0-0: Called Strike
0-1: SINGLE (Flyball, 4D, EV 83.1 MPH)
Félix Pequena to second
Runner from 2nd tries for 3rd, SAFE, throw by RF made to third
Batting: RHB Wendell Gentry 0-0: Ball
1-0: Called Strike
1-1: Ball
2-1: Swinging Strike
2-2: Strikes out looking
Top of the 8th over - 0 runs, 1 hit, 0 errors, 2 left on base; Lynnwood 1 - Frisco 10
BOTTOM OF THE 8TH
Frisco Rangers batting - Pitching for Lynnwood Lightning : RHP Roberto Osario
Batting: RHB Pedro Valdéz SINGLE, but batter called out on appeal for missing first base!
Batting: RHB Jesús Rivero 0-0: Ball
1-0: Called Strike
1-1: Foul Ball, location: 2F
1-2: Ball
2-2: Ball
3-2: Ground out 3-1 (Groundball, 34, EV 86.9 MPH)
Batting: RHB Mario Torres 0-0: Called Strike
0-1: Ball
1-1: Foul Ball, location: 2F
1-2: Strikes out swinging
Bottom of the 8th over - 0 runs, 0 hits, 0 errors, 0 left on base; Lynnwood 1 - Frisco 10
TOP OF THE 9TH
Lynnwood Lightning batting - Pitching for Frisco Rangers : RHP Jesús Rivero
Batting: SHB Felipe Galván 0-0: Called Strike
0-1: Swinging Strike
0-2: Ball
1-2: Ball
2-2: Ground out 6-3 (Groundball, 6, EV 89.4 MPH)
Pinch Hitting: SHB Mark French 0-0: Ball
1-0: Ball
2-0: Swinging Strike
2-1: Called Strike
2-2: Ball
3-2: SINGLE (Line Drive, 6MD, EV 96.9 MPH)
Pitching: RHP Lindsay Patterson
Pinch Hitting: RHB Bob Sandoval 0-0: Ball
1-0: Foul Ball, location: 2F
1-1: Ball
2-1: Foul Ball, location: 2F
2-2: Grounds into double play, 4-6-3 (Groundball, 4M, EV 87.5 MPH)
Top of the 9th over - 0 runs, 1 hit, 0 errors, 0 left on base; Lynnwood 1 - Frisco 10
Tuesday, March 7th , 2023 - OOTP Baseball 23.10 Build 110